General information
	        
			
        
        - name: BNet
 
        - type: Ladder 1vs1/FFA
 
        - host: Battle.net
 
        - saver: TALONSAREIMBA
 
        
map: SecretValley 
        - players: 2
 
        - length: 26:29
 
        - speed: Fast
 - version: 1.22 W3XP
 - replay type:  Public
 
» download(92 KB)
Players
        team 1 (winner) 
              
              
TALONSAREIMBA (
green | 113 APM | 3003 actions | 26:29)
              
 5 Demon Hunter 
 3 Mana Burn
 2 Evasion
 5 Pandaren Brewmaster 
 3 Breath of Fire
 2 Drunken Haze
 
                » actions 
                
                | Assign group hotkey | 33 |  | 
| Basic commands | 156 |  | 
| Build / train | 112 |  | 
| ESC pressed | 6 |  | 
| Enter build submenu | 29 |  | 
| Enter hero's abilities submenu | 12 |  | 
| Give item / drop item | 5 |  | 
| Remove unit from queue | 2 |  | 
| Right click | 1236 |  | 
| Select / deselect | 888 |  | 
| Select group hotkey | 415 |  | 
| Use ability | 108 |  | 
                3003 total
 » units 
                
                | Wisp | 47 |  | 
| Archer | 2 |  | 
| Druid of the Talon | 4 |  | 
| Hippogryph | 6 |  | 
| Dryad | 9 |  | 
| Glaive Thrower | 4 |  | 
| Chimaera | 3 |  | 
                75 total
 » upgrades
                
                | Druid of the Talon Training | 2 |  | 
| Strength of the Wild | 3 |  | 
| Mark of the Talon | 1 |  | 
| Reinforced Hides | 2 |  | 
| Abolish Magic | 1 |  | 
| Corrosive Breath | 1 |  | 
                10 total
 » buildings
                
                | Altar of Elders | 1 |  | 
| Moon Well | 6 |  | 
| Ancient of War | 1 |  | 
| Tree of Ages | 1 |  | 
| Hunter's Hall | 1 |  | 
| Ancient Protector | 4 |  | 
| Ancient of Wind | 3 |  | 
| Ancient of Wonders | 4 |  | 
| Tree of Eternity | 1 |  | 
| Ancient of Lore | 1 |  | 
| Tree of Life | 4 |  | 
| Chimaera Roost | 1 |  | 
                28 total
 » build order
                00:03 Altar of Elders
00:05 Moon Well
01:12 Ancient of War
01:29 Moon Well
02:41 Tree of Ages
03:04 Hunter's Hall
03:25 Moon Well
03:50 Moon Well
04:30 Ancient Protector
05:39 Ancient Protector
05:41 Ancient Protector
06:04 Ancient of Wind
06:05 Ancient of Wind
06:31 Ancient of Wonders
06:56 Ancient of Wind
07:05 Ancient of Wonders
07:15 Ancient of Wonders
07:59 Ancient of Wonders
08:29 Ancient Protector
08:34 Tree of Eternity
10:31 Moon Well
12:17 Ancient of Lore
13:08 Tree of Life
15:04 Moon Well
16:33 Tree of Life
19:58 Tree of Life
21:03 Tree of Life
21:15 Chimaera Roost
» items
                
                | Potion of Lesser Invulnerability | 1 |  | 
| Dust of Appearance | 2 |  | 
| Staff of Preservation | 1 |  | 
| Orb of Venom | 2 |  | 
| Scroll of Town Portal | 2 |  | 
                8 total
  
               team 2 (loser) 
              
              
FrOmBrasiL (
purple | 60 APM | 1582 actions | 26:28)
              
 4 Blademaster 
 2 Wind Walk
 2 Critical Strike
 3 Dark Ranger 
 1 Silence
 2 Black Arrow
 
                » actions 
                
                | Build / train | 67 |  | 
| Enter build submenu | 18 |  | 
| Enter hero's abilities submenu | 7 |  | 
| Give item / drop item | 1 |  | 
| Right click | 1046 |  | 
| Select / deselect | 362 |  | 
| Use ability | 81 |  | 
                1582 total
 » units 
                
                | Peon | 9 |  | 
| Wind Rider | 12 |  | 
| Troll Batrider | 3 |  | 
                24 total
 » upgrades
                
                | Spiked Barricades | 1 |  | 
| Armor | 1 |  | 
| Ranged Weapons | 3 |  | 
| Envenomed Spears | 1 |  | 
                6 total
 » buildings
                
                | Altar of Storms | 1 |  | 
| Orc Burrow | 6 |  | 
| War Mill | 1 |  | 
| Voodoo Lounge | 1 |  | 
| Stronghold | 4 |  | 
| Watch Tower | 4 |  | 
| Beastiary | 2 |  | 
| Fortress | 2 |  | 
| Great Hall | 1 |  | 
                22 total
 » build order
                00:07 Altar of Storms
00:21 Orc Burrow
00:38 War Mill
01:21 Voodoo Lounge
02:15 Stronghold
02:16 Stronghold
02:16 Stronghold
02:35 Watch Tower
02:48 Watch Tower
03:35 Watch Tower
04:36 Watch Tower
04:41 Beastiary
04:48 Beastiary
05:39 Orc Burrow
05:46 Orc Burrow
08:10 Orc Burrow
09:43 Fortress
09:43 Fortress
10:14 Orc Burrow
19:11 Orc Burrow
23:39 Great Hall
» items
                
                | Healing Salve | 5 |  | 
| Lesser Clarity Potion | 6 |  | 
| Scroll of Speed | 1 |  | 
| Potion of Mana | 1 |  | 
| Potion of Healing | 2 |  | 
| Scroll of Town Portal | 1 |  | 
                16 total
  
                Chat log
          
(08:22 / All) FrOmBrasiL: thx